 Dungeon Crawl Stone Soup version 0.16-a0-4013-gd591273 (webtiles) character file.

922 dysrexia the Cleaver (level 7, -11/61 HPs)
             Began as a Deep Dwarf Fighter on Feb 16, 2015.
             Mangled by an ogre
             ... wielding a +0 giant club
              (15 damage)
             ... on level 5 of the Dungeon.
             The game lasted 00:13:53 (2141 turns).

dysrexia the Cleaver (Deep Dwarf Fighter)           Turns: 2141, Time: 00:13:53

Health: -11/61     AC:  8    Str: 24    XL:     7   Next: 84%
Magic:  7/7        EV:  7    Int:  9    God:
Gold:   142        SH:  9    Dex: 12    Spells: 0 memorised, 6 levels left

rFire  . . .     SeeInvis .     a - +1 war axe
rCold  . . .     Clarity  .     b - +0 scale mail
rNeg   . . .     SustAb   .     c - +0 shield
rPois  .         Gourm    .     (no helmet)
rElec  .         Spirit   .     (no cloak)
rCorr  .         Warding  .     x - +0 pair of gloves
rMut   .         Stasis   .     (no boots)
MR     +....                    (no amulet)
Stlth  ..........               (no ring)
                                j - +3 ring of strength

@: non-regenerating, somewhat resistant to hostile enchantments, extremely
unstealthy
A: damage resistance, recharge devices, sense surroundings 1, slow healing 3
a: Device Recharging


You were on level 5 of the Dungeon.
You were not hungry.

You visited 1 branch of the dungeon, and saw 5 of its levels.
You also visited: Sewer.

You collected 142 gold pieces.

Inventory:

Hand weapons
 a - a +1 war axe (weapon)
Missiles
 e - a throwing net (quivered)
 i - 14 stones
Armour
 b - a +0 scale mail (worn)
 c - a +0 shield (worn)
 x - a +0 pair of gloves (worn)
Jewellery
 j - a +3 ring of strength (left hand)
Magical devices
 d - a wand of heal wounds (4)
Scrolls
 h - 4 scrolls of remove curse
 v - a scroll of teleportation
Potions
 g - a potion of degeneration {unknown}
 l - a potion of restore abilities {unknown}
 n - 2 potions of poison {unknown}
 o - 2 potions of flight {unknown}
 q - a potion of magic {unknown}
 r - a potion of haste {unknown}
 s - 2 potions of might
 u - 2 potions of brilliance {unknown}
Comestibles
 f - 3 bread rations
 k - a slice of pizza
 m - 2 meat rations
 t - a royal jelly
 w - 4 fruits


   Skills:
 - Level 2.6 Fighting
 + Level 10.0 Axes
 - Level 3.2 Armour
 - Level 3.2 Shields


You had 6 spell levels left.
You didn't know any spells.

Dungeon Overview and Level Annotations

Branches:
Dungeon (5/15)
 Temple: D:4-7

Altars:
The Shining One

Annotations:
D:2 Sigmund
D:4 Edmund
D:5 Dowan, Duvessa


Innate Abilities, Weirdness & Mutations

You are resistant to damage.
You can recharge devices by infusing magical energy.
You passively map a small area around you.
You do not heal naturally.


Message History

You see here a worker ant corpse.
m - 2 meat rations (gained 1)
You see here a worker ant corpse.
An ogre comes into view. It is wielding a giant club.
The ogre shouts!
An orc comes into view. It is wielding a mace.
The orc moves out of view.
Found 24 stones.
Duvessa and Dowan come into view.
You see here a worker ant corpse.
Your magical contamination has completely faded away.
You see here a rat skeleton.
You are no longer poisoned.
A goblin comes into view. It is wielding a club.
The ogre hits you with a giant club!
* * * LOW HITPOINT WARNING * * *
You hit the ogre.
The ogre is moderately wounded.
The ogre hits you with a giant club!!
You die...

### #########.# .)))......#
#########.# #.# ######### #####
#.# #.......# ....# #.####
#.#####.# ....#
#....######.#####g### ....#
#....#oO@...........#
....#####....#.######.###.#)#####
.............#.### #.#......†..#
..........o.....># #.#.#.#.###.#
.............#.#.####.#...#.# #.#
###................)......#.# #<#
#.######...#.#.####.#...#.# ###
#.# #...#.#.# #.....#.#
#.##########.#.#######....#


You could see an ogre and an orc.

Vanquished Creatures
  Grinder (D:3)
  2 ogres
  A big kobold (Sewer)
  A crimson imp (D:5)
  An iguana (D:4)
  An orc priest (D:5)
  An orc wizard (D:4)
  A hound (D:5)
  Natasha (thrice) (D:4)
  3 worker ants
  A hound zombie (D:5)
  A hound skeleton (D:5)
  6 adders
  3 gnolls (D:4)
  A river rat (Sewer)
  A shadow imp (D:5)
  2 giant mites
  4 worms
  3 giant geckos
  3 oozes (Sewer)
  7 orcs
  2 ball pythons (Sewer)
  4 goblins
  2 hobgoblins
  8 jackals
  9 bats
  2 giant cockroaches
  9 kobolds
  10 rats
93 creatures vanquished.

Notes
Turn   | Place    | Note
--------------------------------------------------------------
     0 | D:1      | dysrexia, the Deep Dwarf Fighter, began the quest for the Orb.
     0 | D:1      | Reached XP level 1. HP: 20/20 MP: 1/1
   111 | D:1      | Reached XP level 2. HP: 25/27 MP: 2/2
   405 | D:2      | Noticed Sigmund
   427 | D:3      | Reached skill level 4 in Axes
   427 | D:3      | Reached XP level 3. HP: 18/33 MP: 3/3
   556 | D:3      | Found a glowing drain.
   561 | Sewer    | Entered a sewer
   668 | Sewer    | Noticed a big kobold
   682 | Sewer    | Killed a big kobold
   682 | Sewer    | Reached skill level 5 in Axes
   682 | Sewer    | Reached XP level 4. HP: 12/40 MP: 4/4
   710 | Sewer    | Reached XP level 5. HP: 34/46 MP: 5/5
   823 | D:3      | Reached skill level 6 in Axes
   844 | D:3      | Found a glowing golden altar of the Shining One.
   981 | D:3      | Noticed Grinder
   984 | D:3      | Paralysed by Grinder for 3 turns
   992 | D:3      | Killed Grinder
   992 | D:3      | Reached skill level 7 in Axes
   992 | D:3      | Reached XP level 6. HP: 21/55 MP: 6/6
  1318 | D:4      | Reached skill level 8 in Axes
  1444 | D:4      | Reached XP level 7. HP: 32/61 MP: 7/7
  1585 | D:4      | Noticed Natasha
  1593 | D:4      | Killed Natasha
  1593 | D:4      | Reached skill level 9 in Axes
  1628 | D:4      | Noticed Natasha
  1632 | D:4      | Killed Natasha
  1814 | D:4      | Noticed Natasha
  1820 | D:4      | Killed Natasha
  1857 | D:4      | Noticed Edmund
  1881 | D:5      | Entered Level 5 of the Dungeon
  2103 | D:5      | Reached skill level 10 in Axes
  2113 | D:5      | Noticed Duvessa
  2113 | D:5      | Noticed Dowan
  2141 | D:5      | Mangled by an ogre

Action                   |  1- 3 |  4- 6 |  7- 9 || total
-------------------------+-------+-------+-------++-------
Melee: War axe           |    99 |   135 |    99 ||   333
Throw: Stone             |     3 |     8 |       ||    11
       Throwing net      |       |       |     2 ||     2
Evoke: Wand              |       |     3 |       ||     3
  Use: Potion            |       |     1 |       ||     1
       Scroll            |       |     5 |     2 ||     7
  Eat: Chunk             |       |     2 |     3 ||     5
